 Dungeon Crawl Stone Soup version 0.17.0-28-g6e173f8 (console) character file.

97 Kloppie the Skirmisher (level 4, -6/42 HPs)
             Began as a Hill Orc Fighter on Nov 29, 2015.
             Mangled by Sigmund
             ... wielding a +0 scythe
              (8 damage)
             ... on level 2 of the Dungeon.
             The game lasted 00:01:51 (894 turns).

Kloppie the Skirmisher (Hill Orc Fighter)            Turns: 894, Time: 00:01:51

Health: -6/42      AC:  8    Str: 18    XL:     4   Next: 68%
Magic:  4/4        EV:  7    Int:  8    God:
Gold:   138        SH:  0    Dex: 11    Spells: 0 memorised, 3 levels left

rFire  . . .     SeeInvis .     a - +0 war axe
rCold  . . .     Clarity  .     b - +0 scale mail
rNeg   . . .     SustAt   .     c - +0 shield
rPois  .         Gourm    .     (no helmet)
rElec  .         Spirit   .     (no cloak)
rCorr  .         Warding  .     l - +0 pair of gloves
rMut   .         Stasis   .     (no boots)
MR     .....                    (no amulet)
Stlth  ..........               (no ring)
                                (no ring)

@: confused, not resistant to hostile enchantments, extremely unstealthy
A: no striking features
a: no special abilities


You were on level 2 of the Dungeon.
You were not hungry.

You visited 1 branch of the dungeon, and saw 2 of its levels.

You collected 138 gold pieces.

Inventory:

Hand Weapons
 a - a +0 war axe (weapon)
Armour
 b - a +0 scale mail (worn)
 c - a +0 shield (worn)
 l - a +0 pair of gloves (worn)
Scrolls
 f - 2 scrolls of teleportation {unknown}
 g - a scroll of fear {unknown}
 j - 2 scrolls of remove curse {unknown}
 n - a scroll of enchant weapon {unknown}
 q - a scroll of identify {unknown}
Potions
 d - a potion of might
 h - 5 potions of curing {unknown}
 i - a potion of agility {unknown}
 k - a potion of haste {unknown}
 o - a potion of resistance {unknown}
 p - a potion of heal wounds {unknown}
Comestibles
 e - 2 bread rations
 m - 2 chunks of flesh


   Skills:
 + Level 5.2 Fighting
 + Level 4.7 Axes
 - Level 3.2 Armour
 - Level 3.2 Shields


You had 3 spell levels left.
You didn't know any spells.

Dungeon Overview and Level Annotations

Branches:
Dungeon (2/15)

Altars:

Annotations:
D:2 Sigmund


Message History

You hit something but do no damage. Something hits you.
You closely miss something. Something hits you.
* * * LOW HITPOINT WARNING * * *
You slash something! Something hits you but does no damage.
You closely miss something.
You hear some strange, mumbled words.
A puff of flame appears from out of thin air!
The puff of flame hits you!
* * * LOW HITPOINT WARNING * * *
You closely miss something.
You hear some strange, mumbled words.
A puff of flame appears from out of thin air!
The puff of flame hits you!
* * * LOW HITPOINT WARNING * * *
You miss something. Something hits you but does no damage.
You miss something.
You hear some strange, mumbled words.
You are confused.
Something hits you!
You die...

##...###..#######........#
##....###...## #.........##
##.>....##.#..###.##.....##
............#.##..##...#..#
..............##.#####.##.#######
##......##.......# ...##........
##.>..###.....### .## ###.......
##..## #.)...(.#..# #....... #..#
#...###@..# #....... ####
#...##.{..# ##...... ##.##......#
#...... ####......# #......
##....## #...... ###### #......
#######


There were no monsters in sight!

Vanquished Creatures
  Terence (D:2)
  Natasha (D:2)
  An ooze (D:2)
  2 worms (D:2)
  A giant gecko (D:2)
  5 giant cockroaches
  4 hobgoblins
  3 jackals (D:2)
  4 kobolds
  2 ball pythons
  4 bats
  A giant newt (D:1)
  4 goblins
  5 rats
38 creatures vanquished.

Notes
Turn   | Place    | Note
--------------------------------------------------------------
     0 | D:1      | Kloppie the Hill Orc Fighter began the quest for the Orb.
     0 | D:1      | Reached XP level 1. HP: 19/19 MP: 1/1
   128 | D:1      | Reached XP level 2. HP: 27/27 MP: 2/2
   139 | D:1      | Reached skill level 4 in Fighting
   589 | D:2      | Reached XP level 3. HP: 33/33 MP: 3/3
   624 | D:2      | Noticed Terence
   643 | D:2      | Killed Terence
   643 | D:2      | Reached XP level 4. HP: 25/41 MP: 4/4
   764 | D:2      | Noticed Natasha
   771 | D:2      | Killed Natasha
   771 | D:2      | Reached skill level 5 in Fighting
   877 | D:2      | Noticed Sigmund
   892 | D:2      | HP: 1/42 [something/puff of flame (8)]
   894 | D:2      | Mangled by Sigmund

Action                   |  1- 3 |  4- 6 || total
-------------------------+-------+-------++-------
Melee: War axe           |   120 |    36 ||   156
